 Dungeon Crawl Stone Soup version 0.14-a0-1036-g6cac21b (webtiles) character file.

115 4tharraofdagon the Chopper (level 3, -10/29 HPs)
             Began as a Formicid Berserker on Nov 24, 2013.
             Was a Follower of Trog.
             Killed by divine providence
             ... invoked by an orc priest
              (12 damage)
             ... on Level 3 of the Dungeon.
             The game lasted 00:03:28 (586 turns).

4tharraofdagon the Chopper (Formicid Berserker)      Turns: 586, Time: 00:03:28

HP -10/29        AC  7     Str 22      XL: 3   Next: 58%
MP   2/2         EV  7     Int  6      God: Trog [*.....]
Gold 85          SH 15     Dex 10      Spells:  0 memorised,  2 levels left

Res.Fire  : . . .   See Invis. : +   m - +0 hand axe
Res.Cold  : . . .   Warding    : .   h - +1 ring mail
Life Prot.: . . .   Conserve   : .   j - +0 shield
Res.Poison: x       Res.Corr.  : .   (helmet unavailable)
Res.Elec. : .       Clarity    : .   (no cloak)
Sust.Abil.: . .     Spirit.Shd : .   (no gloves)
Res.Mut.  : .       Stasis     : +   (no boots)
Res.Rott. : .       Flight     : .   (no amulet)
Saprovore : . . .                    (no ring)
                                     (no ring)

@: regenerating, quite resistant to hostile enchantments, extremely unstealthy
A: permanent stasis, dig shafts and tunnels, four strong arms, poison weakness,
antennae 3, exoskeleton 1
a: Dig, Shaft Self, Burn Spellbooks, Berserk, Renounce Religion


You were on level 3 of the Dungeon.
You worshipped Trog.
Trog was aware of your devotion.
You were not hungry.

You visited 1 branch of the dungeon, and saw 5 of its levels.

You collected 85 gold pieces.

Inventory:

Hand weapons
 a - a +0,+0 hand axe
 m - a +0,+0 hand axe (weapon)
Missiles
 k - 29 darts (quivered)
Armour
 b - a +0 animal skin
 h - a +1 ring mail (worn)
 j - a +0 shield (worn)
Comestibles
 c - a bread ration
Scrolls
 d - 2 scrolls of identify {unknown}
 e - a scroll of recharging {unknown}
 f - a scroll of remove curse {unknown}
 g - a scroll of fear {unknown}
 l - a scroll of teleportation {unknown}
Jewellery
 i - an uncursed amulet of resist corrosion {unknown}
Potions
 n - a potion of degeneration {unknown}


   Skills:
 + Level 3.4 Fighting
 * Level 3.5 Axes
 + Level 3.0 Armour
 - Level 1.7 Dodging
 + Level 0.2 Shields


You had 2 spell levels left.
You didn't know any spells.

Dungeon Overview and Level Annotations

Branches:
Dungeon (5/16)
 Temple: D:4-7

Altars:


Innate Abilities, Weirdness & Mutations

Your are under a permanent stasis effect.
You can dig through walls and to a lower floor.
Your four strong arms can wield any weapon, most with a shield.
You are susceptible to poison.
You have a pair of large antennae on your head (SInv).
Your body is surrounded by an exoskeleton. (HP +5, AC +1)


Message History

The orc priest glows brightly for a moment.
Unknown command.
You closely miss the orc priest.
The orc priest is severely wounded.
The orc priest hits you but does no damage.
The orc priest hits you.
Unknown command.
You hit the orc priest.
The orc priest is almost dead.
The orc priest mumbles some strange prayers to Beogh against you.
Something smites you!
* * * LOW HITPOINT WARNING * * *
Unknown command.
Unknown command.
Unknown command.
You closely miss the orc priest.
The orc priest is almost dead.
The orc priest calls down the wrath of Beogh upon you.
Something smites you!
You die...

.# #.# .###.#
...#.########
>............
...#.######## ...#.#
{ #.#
...#.########## #
#.#
...#.#........####.#
#.#
.....#........So@..#
#####.#
.#####........####.#
#...#.# .# #######.#
# #...... .# #o# {
#...... .# #..{
#....o. .###### ###
#.# ......# #.#
.####.# ###### #o#
.# .# ########....#
#o#


You could see an orc priest and an adder.

Vanquished Creatures
  An adder (D:4)
  A giant mite (D:3)
  2 bats
  A goblin (D:1)
  2 hobgoblins (D:3)
  2 quokkas (D:3)
  A ball python (D:1)
  A kobold (D:4)
  5 rats
16 creatures vanquished.

Notes
Turn   | Place    | Note
--------------------------------------------------------------
     0 | D:1      | 4tharraofdagon, the Formicid Berserker, began the quest for the Orb.
     0 | D:1      | Reached XP level 1. HP: 19/19 MP: 0/0
     0 | D:1      | araganzar: ouch
    21 | D:1      | araganzar: i might try a FoVM or two
    39 | D:1      | araganzar: dpeg seems to think they are the new hotness
    50 | D:1      | Bloax: FoVM is pretty easy.
    61 | D:1      | You fall through a shaft!
    75 | D:3      | Bloax: Fo-- !FoVM is fucking ass however.
    77 | D:3      | araganzar: you should get xp for using a shaft trap
    93 | D:3      | Reached XP level 2. HP: 17/24 MP: 1/1
   133 | D:3      | Yolobear: that would be quite funny
   173 | D:3      | araganzar: you know what would be cool
   173 | D:3      | araganzar: if the shaft did not go away
   173 | D:3      | Bloax: death by quokka
   173 | D:3      | Reached XP level 3. HP: 4/29 MP: 2/2
   175 | D:3      | araganzar: like you could make a shaft between levels
   267 | D:3      | araganzar: creates a down and up escape staircase
   397 | D:4      | araganzar: like why can an ant shaft down but not up
   435 | D:4      | Daniel: because crawl logic
   441 | D:4      | Daniel: thats why
   459 | D:3      | Bloax: the same reason they have a -2 hp aptitude
   495 | D:3      | Yolobear: because you know
   497 | D:3      | Yolobear: FUN
   510 | D:3      | Noticed an orc priest
   511 | D:3      | Bloax: all while having stasis
   524 | D:4      | Bloax: BALANCE
   527 | D:4      | Bloax: CHALLENGE RACE
   546 | D:5      | Entered Level 5 of the Dungeon
   549 | D:5      | Acquired Trog's second power
   571 | D:3      | Noticed an orc priest
   585 | D:3      | Yolobear: crawl could be so brillliant if anyone bothered to streamline it
   585 | D:3      | HP: 1/29 [orc priest/divine providence (14)]
   586 | D:3      | araganzar: man formicid, you should start out as an ant queen, and lay eggs, and send out workers to explore d1
   586 | D:3      | Killed from afar by an orc priest

Action                   || total
-------------------------++-------
Melee: Hand axe          ||    68
Invok: Trog's Hand       ||     1
